Match 45806823
Unlisted

Match 45806823
End
Kettenkrad Recon Vehicle
Construct Infanterie Kompanie
Grenadier Squad
Grenadier Squad
Grenadier Squad
Construct Luftwaffe Kompanie
221 Scout Car
Selects Mechanized Battlegroup
Jäger Squad
Selects Raid Package
Medical Bunker
Pioneer Squad
Construct Panzer Kompanie
Panzer IV Medium Tank
Stoßtruppen Squad
Selects Mobile Repair Stations
Panzer IV Medium Tank
Selects Wespe Self-propelled Artillery
Wespe Self-propelled Artillery
desertBeliever
Waddn
0
0

Comments sign in to comment!

No comments posted yet!